 Dungeon Crawl Stone Soup version 0.32-a0-999-gfa1cc04b1d (webtiles) character file.

Game seed: 4477315048975359211

784 DrKenneth the Shield-Bearer (level 7, -8/63 HPs)
             Began as a Minotaur Fighter on Apr 25, 2024.
             Mangled by a gnoll
             ... wielding a +0 halberd
             ... led by a gnoll bouda
              (12 damage)
             ... on level 5 of the Dungeon.
             The game lasted 00:07:56 (3262 turns).

DrKenneth the Shield-Bearer (Minotaur Fighter)      Turns: 3262, Time: 00:07:56

Health: -8/63      AC:  7    Str: 23    XL:     7   Next: 55%
Magic:  6/6        EV:  8    Int:  5    God:
Gold:   168        SH:  4    Dex:  9    Spells: 6/6 levels left

rFire   . . .        a - +0 war axe
rCold   . . .        c - +0 buckler
rNeg    . . .        b - +0 scale mail
rPois   .            (helmet restricted)
rElec   .            (no cloak)
rCorr   .            (no gloves)
SInv    .            (no boots)
Will    .....        (no amulet) Stlth
                     (no ring)
HPRegen 0.30/turn    (no ring)
MPRegen 0.10/turn

%: no passive effects
@: weakened
A: horns 2, retaliatory headbutt
a: no special abilities


You were on level 5 of the Dungeon.
You visited 1 branch of the dungeon, and saw 5 of its levels.

You collected 168 gold pieces.

Inventory:

Hand Weapons
 a - a +0 war axe (weapon)
Armour
 b - a +0 scale mail (worn)
 c - a +0 buckler (worn)
 l - a +0 kite shield
 r - a +0 plate armour
 u - a +0 pair of boots
Jewellery
 n - a ring of protection from cold
Wands
 o - a wand of warping (9)
 p - a wand of paralysis (12)
Scrolls
 e - 4 scrolls of torment {unknown}
 f - a scroll of teleportation
 g - a scroll of fog {unknown}
 h - a scroll of vulnerability {unknown}
 i - a scroll of summoning {unknown}
 j - a scroll of brand weapon {unknown}
Potions
 d - 4 potions of might
 k - a potion of resistance {unknown}
 m - a potion of cancellation
 q - 2 potions of curing
 s - a potion of heal wounds {unknown}
 t - a potion of magic {unknown}
 v - 2 potions of brilliance {unknown}


   Skills:
 + Level 6.2 Fighting
 + Level 5.5 Axes
 + Level 6.2 Armour
 + Level 6.2 Shields


You had 6 spell levels left.
You didn't know any spells.
Your spell library contained the following spells:

 Spells                   Type           Power      Damage    Failure   Level
 Brom's Barrelling Bould  Conj/Erth      0%         2d3       100%        4
 Bombard                  Conj/Erth      0%         9d1       100%        6
 Seismic Cannonade        Alch/Erth      0%         6d4       100%        7


Dungeon Overview and Level Annotations

Branches:
Dungeon (5/15)
 Temple: D:4-7

Altars:
Uskayaw
Xom

Shops:
D:1 *


Innate Abilities, Weirdness & Mutations

You have a pair of horns on your head.
You reflexively headbutt those who attack you in melee.


Message History

You feel as though you will be weak longer.
The gnoll bouda hits you with a +0 club!
The ice beast hits you but does no damage.
The gnoll hits you from afar with a +0 halberd.
The ice beast hits you but does no damage.
The gnoll bouda gazes fiercely through you!
You feel as though you will be weak longer.
The gnoll bouda hits you with a +0 club.
You barely miss the ice beast.
The ice beast is moderately wounded.
You barely miss the gnoll bouda.
The gnoll hits you from afar with a +0 halberd.
The gnoll bouda hits you with a +0 club.
The ice beast hits you but does no damage.
You hit the ice beast. Your headbutt misses the ice beast.
The ice beast is heavily wounded.
You closely miss the gnoll bouda. You block the gnoll's attack.
The gnoll bouda closely misses you. The ice beast barely misses you.
You furiously retaliate!
You headbutt the ice beast. The gnoll barely misses you.
You barely miss the ice beast. Your headbutt misses the ice beast.
The ice beast is severely wounded.
You closely miss the gnoll bouda. The gnoll bouda barely misses you.
You furiously retaliate!
You headbutt the gnoll bouda!
You kill the gnoll bouda!
The ice beast hits you but does no damage.
The gnoll closely misses you.
You closely miss the ice beast.
The ice beast is severely wounded.
The gnoll is no longer moving quickly.
The ice beast hits you.
* * * LOW HITPOINT WARNING * * *
The ice beast freezes you!
* * * LOW HITPOINT WARNING * * *
The gnoll hits you from afar with a +0 halberd.
* * * LOW HITPOINT WARNING * * *
The ice beast hits you but does no damage.
You hit the ice beast but do no damage.
The ice beast is severely wounded.
The gnoll hits you from afar with a +0 halberd!
You die...

##...#.#.......≈
........#.....§§ ♣
###...#.#.......§ .(
.......#......§ ≈≈.
#...#.#....... ....
##.##...#.#.##..##.....
.......................
#.####Y#...##..#######
#@#.............#
#)#..###.##..##.#
#g#....#.###....##
#g#.##.#.# ###...#
#.#.##.#.# ##..#
#.#.##.#.# #...
#......#.# ##..
#.#.####.# #.. ..# #.#
#..


You could see an ice beast and 2 gnolls.

Vanquished Creatures
  Sigmund (D:3)
  Eustachio (D:5)
  A water moccasin (D:5)
  An ogre (D:4)
  A scorpion (D:3)
  A bombardier beetle (D:4)
  A jelly (D:4)
  A gnoll bouda (D:5)
  A hound (D:4)
  A gnoll (D:5)
  2 adders
  A white imp (D:4)
  4 dart slugs
  2 ribbon worms
  An orc (D:3)
  9 bats
  7 endoplasms
  2 giant cockroaches (D:1)
  6 goblins
  13 hobgoblins
  2 quokkas (D:1)
  5 ball pythons
  5 frilled lizards
  3 kobolds
  7 rats
79 creatures vanquished.

Notes
Turn   | Place    | Note
-------+----------+-------------------------------------------
     0 | D:1      | DrKenneth the Minotaur Fighter began the quest for the Orb.
     0 | D:1      | Reached XP level 1. HP: 19/19 MP: 0/0
     6 | D:1      | Noticed an imperial myrmidon
     6 | D:1      | Noticed a brain worm
     6 | D:1      | Noticed a basilisk
     8 | D:1      | Noticed a yaktaur captain
    29 | D:1      | Found Voq Qias's General Store.
   141 | D:1      | Reached XP level 2. HP: 27/27 MP: 1/1
   599 | D:1      | Reached XP level 3. HP: 29/33 MP: 2/2
   687 | D:1      | Found a faded altar of an unknown god.
  1409 | D:3      | Noticed a scorpion
  1416 | D:3      | Killed a scorpion
  1417 | D:3      | Reached XP level 4. HP: 39/41 MP: 3/3
  1457 | D:3      | Found a shimmering altar of Xom.
  1479 | D:3      | Noticed Sigmund
  1500 | D:3      | Killed Sigmund
  1501 | D:3      | Reached skill level 5 in Fighting
  1501 | D:3      | Reached skill level 5 in Armour
  1501 | D:3      | Reached skill level 5 in Shields
  1501 | D:3      | Reached XP level 5. HP: 21/48 MP: 4/4
  1501 | D:3      | Reached XP level 6. HP: 24/56 MP: 5/5
  1920 | D:3      | Noticed a +0 hand axe
  1920 | D:3      | Noticed a +0 dagger
  1923 | D:3      | Found a hide-covered altar of Uskayaw.
  2900 | D:5      | Entered Level 5 of the Dungeon
  2951 | D:5      | Noticed a water moccasin
  2959 | D:5      | Killed a water moccasin
  2960 | D:5      | Reached skill level 5 in Axes
  2960 | D:5      | Reached XP level 7. HP: 40/62 MP: 6/6
  3049 | D:5      | Noticed Eustachio
  3069 | D:5      | Killed Eustachio
  3262 | D:5      | Mangled by a gnoll

Illustrated notes

Levels and vault maps discovered:
D:1:      onia_arrival_zoo_common, layout_loops_ring, serial_shops, shop,
          hellmonk_ecumenical_altar_zigzags, ebering_dispersal_statue_hall
D:2:      layout_basic, minmay_misc_feat_plants
D:3:      layout_rooms, xom_butterflies, dancing_weapons_uskayaw, serial_bayou,
          serial_bayou_lagoon_a, serial_bayou_shore_a, serial_bayou_shore_b,
          serial_bayou_pond_b, uniq_sigmund
D:4:      layout_loops_ring
D:5:      layout_basic, mainiacjoe_overflow_brackets, uniq_eustachio

Skill      XL: |  1  2  3  4  5  6  7 |
---------------+----------------------+-----
Fighting       | 4 5 6 |  6.2
Armour         | 4 5 6 |  6.2
Shields        | 4 5 6 |  6.2
Axes           | 3 4 5 |  5.5

Action                     |  1- 3 |  4- 6 |  7- 9 || total
---------------------------+-------+-------+-------++-------
  Melee: War axe           |   108 |    84 |    30 ||   222
         Headbutt          |    11 |    12 |     2 ||    25
    Use: Scroll            |       |     3 |       ||     3
 Armour: Scale mail        |    90 |    59 |    40 ||   189
  Dodge: Dodged            |    34 |    31 |    26 ||    91
  Block: Buckler           |    22 |    17 |    10 ||    49

Table legend: (Time is in decaauts)
 A = Elapsed time spent in this place.
 B = Non-inter-level travel time spent in this place.
 C = Inter-level travel time spent in this place.
 D = Time resting spent in this place.
 E = Time spent auto-exploring this place.
 F = Levels seen in this place.
 G = Mean time per level.
                   A        B        C        D        E       F      G
               +--------+--------+--------+--------+--------+-----+--------+
         Total |   3363 |   3151 |    212 |    501 |   1944 |   5 |  672.6 |
       Dungeon |   3363 |   3151 |    212 |    501 |   1944 |   5 |  672.6 |
               +--------+--------+--------+--------+--------+-----+--------+

Top non-repeatable levels by time:
     D:1: 876 daAuts
     D:3: 775 daAuts
     D:4: 770 daAuts
     D:2: 570 daAuts
     D:5: 370 daAuts
